 Dungeon Crawl Stone Soup version 0.31-a0-854-g362426d53f (webtiles) character file.

Game seed: 10045347302785337405

33 Kurtz the Sneak (level 3, -2/34 HPs)
             Began as a Naga Delver on Oct 8, 2023.
             Slain by Pargi (4 damage)
             ... on level 3 of the Dungeon.
             The game lasted 00:00:59 (379 turns).

Kurtz the Sneak (Naga Delver)                        Turns: 379, Time: 00:00:59

Health: -2/34      AC:  3    Str: 14    XL:     3   Next: 29%
Magic:  3/3        EV:  9    Int: 10    God:
Gold:   16         SH:  0    Dex: 14    Spells: 2/2 levels left

rFire   . . .        a - +0 hand axe
rCold   . . .        (no shield)
rNeg    . . .        b - +0 leather armour
rPois   +            (no helmet)
rElec   .            h - +0 cloak
rCorr   .            (no gloves)
SInv    +            (no barding)
Will    .....        (no amulet)
Stlth   +++          (no ring)
HPRegen 0.25/turn    (no ring)
MPRegen 0.08/turn

%: no passive effects
@: very slow
A: AC +1, large, see invisible, deformed body, poison resistance, slowness 2,
spit poison 1, naga tail 1
a: Spit Poison


You were on level 3 of the Dungeon.
You visited 1 branch of the dungeon, and saw 3 of its levels.

You collected 16 gold pieces.

Inventory:

Hand Weapons
 a - a +0 hand axe (weapon)
Armour
 b - a +0 leather armour (worn)
 h - a +0 cloak (worn)
Wands
 g - a wand of digging (3)
Scrolls
 c - a scroll of fog
 d - a scroll of revelation
 e - a scroll of fear
 i - 2 scrolls of identify
Potions
 f - a potion of haste


   Skills:
 - Level 3.0 Fighting
 * Level 3.6 Axes
 - Level 1.5 Dodging
 - Level 7.2 Stealth


You had 2 spell levels left.
You didn't know any spells.
Your spell library was empty.

Dungeon Overview and Level Annotations

Branches:
Dungeon (5/15)
 Temple: D:4-7

Altars:

Annotations:
D:3 Pargi
D:5 exclusion: ogre


Innate Abilities, Weirdness & Mutations

Your serpentine skin is tough. (AC +1)
You have supernaturally acute eyesight. (SInv)
Armour fits poorly on your strangely shaped body.
Your system is resistant to poisons. (rPois)
You cover ground very slowly.
You can spit poison.
You have a snake-like lower body.


Message History

Aim: a giant cockroach (59% to hit)
The splash of poison hits the giant cockroach!
The giant cockroach is poisoned.
You kill the giant cockroach!
Unknown command.
You have got your breath back.
Found 8 stones. 2 gnolls come into view.
The gnoll shouts! x2
Unknown command.
Aiming: Spit Poison (2% risk of failure)
Press: ? - help, Shift-Dir - straight line, f - gnoll
Aim: a gnoll, wielding a +1 flail of holy wrath (65% to hit)
The splash of poison misses the gnoll.
The gnoll hits you with a +1 flail of holy wrath!
Unknown command.
As you read the scroll labelled BYAXET UWIJOF, it crumbles to dust.
It is a scroll of identify.
You don't currently have any unidentified items.
The gnoll attacks as it pursues you! The gnoll barely misses you.
The gnoll hits you but does no damage. The gnoll attacks as it pursues you!
The gnoll completely misses you. The gnoll attacks as it pursues you!
The gnoll hits you from afar with a +0 halberd.
The gnoll barely misses you.
The gnoll hits you from afar with a +0 halberd!
You have got your breath back.
Pargi the Meek comes into view.
The gnoll hits you with a +1 flail of holy wrath!
* * * LOW HITPOINT WARNING * * *
The gnoll barely misses you.
The gnoll hits you with a +1 flail of holy wrath.
* * * LOW HITPOINT WARNING * * *
The gnoll attacks as it pursues you! The gnoll barely misses you.
The gnoll hits you from afar with a +0 halberd.
* * * LOW HITPOINT WARNING * * *
Pargi bites you but does no damage. Pargi barely misses you. x2
Pargi bites you but does no damage. Pargi claws you but does no damage.
Pargi claws you.
You die...

....#.#
#####.#..........#
....#.#..........#
###.#.#..........#
#...#.#..........#
#...#.#..#.......#
#.....#..#.......#
.................#######
..............gT@.......
.############g.....#####
...g.... g.........+
......gg ####......#
........ ..........
#....... #.##########
....... #. ###.... .
....


You could see Pargi and 3 gnolls.

Vanquished Creatures
  A hound (D:4)
  An endoplasm (D:4)
  A giant cockroach (D:3)
  A goblin (D:4)
  A hobgoblin (D:3)
5 creatures vanquished.

Notes
Turn   | Place    | Note
-------+----------+-------------------------------------------
     0 | D:5      | Kurtz the Naga Delver began the quest for the Orb.
     0 | D:5      | Reached XP level 1. HP: 21/21 MP: 1/1
    49 | D:5      | Noticed an ogre
   198 | D:4      | Noticed a hound
   204 | D:4      | Killed a hound
   205 | D:4      | Reached XP level 2. HP: 21/28 MP: 2/2
   205 | D:4      | Reached XP level 3. HP: 25/34 MP: 3/3
   371 | D:3      | Noticed Pargi
   377 | D:3      | HP: 1/34 [gnoll/+0 halberd (2)]
   379 | D:3      | Slain by Pargi

Illustrated notes

Levels and vault maps discovered:
D:3:      layout_basic, dreamdust_ecumenical_altar_hidden_monk_grotto,
          uniq_pargi, uniq_robin
D:4:      layout_basic, nemelex_xobeh_ov_fountains_minmay
D:5:      layout_loops_ring, nicolae_tso_swordbearing_angel, uniq_ijyb,
          uniq_sigmund

Skill      XL: |  1 |
---------------+----+-----
Axes           | 3 |  3.6
Fighting       | |  3.0
Dodging        | |  1.5
Stealth        | |  7.2

Action                     || total
---------------------------++-------
  Melee: Hand axe          ||     8
Ability: Spit Poison       ||     5
    Use: Scroll            ||     1
 Armour: Leather armour    ||    18
  Dodge: Dodged            ||    11

Table legend: (Time is in decaauts)
 A = Elapsed time spent in this place.
 B = Non-inter-level travel time spent in this place.
 C = Inter-level travel time spent in this place.
 D = Time resting spent in this place.
 E = Time spent auto-exploring this place.
 F = Levels seen in this place.
 G = Mean time per level.
                   A        B        C        D        E       F      G
               +--------+--------+--------+--------+--------+-----+--------+
         Total |    491 |    431 |     60 |     39 |    217 |   3 |  163.7 |
       Dungeon |    491 |    431 |     60 |     39 |    217 |   3 |  163.7 |
               +--------+--------+--------+--------+--------+-----+--------+

Top non-repeatable levels by time:
     D:4: 260 daAuts
     D:3: 142 daAuts
     D:5: 87 daAuts
